[Event "Team 45 45 League T34"]
[Site "Internet Chess Club"]
[Date "2007.07.19"]
[Round "1"]
[White "baumhauer"]
[Black "Plattner"]
[Result "1-0"]
[WhiteElo "2010"]
[BlackElo "1789"]
[Opening "Queen's pawn: Yusupov-Rubinstein system"]
[ECO "A46"]
[Time "10:49:28"]
[TimeControl "2700+45"]

1. d4 Nf6 2. Nf3 e6 3. e3 b6 4. Bd3 Bb7 5. O-O Be7 6. b3 d5 7. Ne5 Nbd7 8. f4 c5
9. c3 Rc8 10. Bb2 cxd4 11. exd4 O-O 12. Nd2 Ne4 13. Rc1 Ndf6 14. Nxe4 Nxe4 15.
Qe2 a6 16. a4 a5 17. Qh5 g6 18. Qh3 Bf6 19. Rfd1 Bg7 20. Bf1 Qe7 21. Qd3 f6 22.
Nf3 Rc7 23. Nd2 f5 24. g3 Rfc8 25. Qe3 Qd7 26. Nxe4 fxe4 27. Ba3 Bf8 28. Bxf8
Kxf8 29. c4 Ba6 30. cxd5 Bxf1 31. dxe6 Qxe6 32. d5 Qh3 33. Rxf1 Rc2 34. Rxc2
Rxc2 35. Rf2 Rxf2 36. Qxf2 Qf5 37. Qd4 e3 38. Qxe3 Qxd5 39. Qxb6 Qd1+ 40. Kg2
Qc2+ 41. Kh3 Qf5+ 42. Kg2 Qc2+ 43. Kf3 Qxh2 44. Qd8+ Kf7 45. Qc7+ Kf8 46. Qc8+
Kf7 47. Qc7+ Kf8 48. Qd8+ Kf7 49. Qh4 Qxh4 50. gxh4 Kf6 51. Ke4 h6 52. b4 axb4
53. a5 b3 54. Kd3 Kf5 55. a6 Kxf4 56. a7 Kg4 57. a8=Q Kxh4 58. Qa4+ Kg5 59. Qxb3
h5 60. Ke4 {Black resigns} 1-0

[Event "Team 45 45 League T34"]
[Site "Internet Chess Club"]
[Date "2007.07.19"]
[Round "1"]
[White "Beancounter"]
[Black "Changuito-77"]
[Result "1/2-1/2"]
[WhiteElo "1685"]
[BlackElo "1793"]
[Opening "Ruy Lopez: modern Steinitz defense, Richter variation"]
[ECO "C73"]
[Time "14:59:22"]
[TimeControl "2700+45"]

1. e4 e5 2. Nf3 Nc6 3. Bb5 a6 4. Ba4 d6 5. Bxc6+ bxc6 6. d4 exd4 7. Nxd4 Bd7 8.
c4 g6 9. Nc3 Bg7 10. O-O Ne7 11. Bg5 h6 12. Be3 Rb8 13. Qd2 Qc8 14. f4 f5 15.
exf5 Nxf5 16. Nxf5 Bxf5 17. Bd4 Rxb2 18. Rfe1+ Kf7 19. Qxb2 Bxd4+ 20. Kh1 Qd8
21. Qd2 Qf6 22. Rac1 Rb8 23. Ne2 Bc5 24. Qc3 Qh4 25. Qf3 Bb4 26. Nc3 Bd7 27. Rb1
Bxc3 28. Qxc3 Rxb1 29. Rxb1 Qxf4 30. Qf3 Qxf3 31. gxf3 Be6 {Game drawn by mutual
agreement} 1/2-1/2

[Event "Team 45 45 League T34"]
[Site "Internet Chess Club"]
[Date "2007.07.22"]
[Round "1"]
[White "g8wrb"]
[Black "Hastings"]
[Result "1-0"]
[WhiteElo "1405"]
[BlackElo "1259"]
[Opening "Two knights defense"]
[ECO "C55"]
[Time "07:01:21"]
[TimeControl "2700+45"]

1. e4 e5 2. Nf3 Nc6 3. Bc4 Nf6 4. d4 exd4 5. O-O d5 6. exd5 Nxd5 7. Nxd4 Nxd4 8.
Qxd4 Be6 9. Re1 Nb6 10. Qxd8+ Rxd8 11. Bxe6 fxe6 12. Bg5 Be7 13. Bxe7 Kxe7 14.
Nc3 Rhf8 15. Nb5 Rd2 16. Nxc7 {Black disconnected and forfeits} 1-0

[Event "Team 45 45 League T34"]
[Site "Internet Chess Club"]
[Date "2007.07.22"]
[Round "1"]
[White "JimGaming"]
[Black "archae13"]
[Result "1-0"]
[WhiteElo "1259"]
[BlackElo "1217"]
[Opening "Pirc defense"]
[ECO "B07"]
[Time "14:00:17"]
[TimeControl "2700+45"]

1. e4 d6 2. d4 Nf6 3. Nc3 g6 4. Be3 Bg7 5. f3 O-O 6. Qd2 Nbd7 7. O-O-O e5 8.
Nge2 c6 9. Bh6 Bxh6 10. Qxh6 a5 11. Qg5 Re8 12. d5 Nc5 13. dxc6 bxc6 14. Kb1 a4
15. a3 Rb8 16. Nc1 Be6 17. Nd3 Qb6 18. Nb4 Qd8 19. Qe3 Qc7 20. h4 Ncd7 21. Na6
Rxb2+ 22. Kxb2 Qb7+ 23. Nb4 c5 24. Ba6 Qb6 25. Bb5 Qa7 26. Nc6 Qb6 27. Rxd6 Kg7
28. g4 c4 29. Qxb6 Nxb6 30. Nxe5 Rb8 31. Nc6 Nc8 32. Rxe6 fxe6 33. Nxb8 Nd6 34.
Nc6 Nc8 35. Bxc4 Nb6 36. Bxe6 Ne8 37. h5 g5 38. h6+ Kh8 39. Bf5 Nc4+ 40. Ka2 Ne3
41. Re1 Nxc2 42. Re2 Nd6 43. e5 Nc4 44. Rxc2 Ne3 45. Re2 Nxf5 46. gxf5 Kg8 47.
f6 Kf8 48. e6 g4 49. fxg4 Kg8 50. g5 Kf8 51. g6 hxg6 52. h7 g5 53. h8=Q# {Black
checkmated} 1-0

[Event "Team 45 45 League T34"]
[Site "Internet Chess Club"]
[Date "2007.07.22"]
[Round "1"]
[White "rpgrossman"]
[Black "tmac63"]
[Result "1-0"]
[WhiteElo "1099"]
[BlackElo "1079"]
[Opening "Sicilian"]
[ECO "B50"]
[Time "22:05:40"]
[TimeControl "2700+45"]

1. e4 c5 2. Nf3 d6 3. g3 e6 4. d4 cxd4 5. Nxd4 Nf6 6. Bg2 Be7 7. O-O O-O 8. Nc3
Nc6 9. Bg5 Bd7 10. Nxc6 Bxc6 11. Bxf6 Bxf6 12. b4 a6 13. Qd2 Rc8 14. Rad1 Qd7
15. Qxd6 Qxd6 16. Rxd6 Rcd8 17. Rxd8 Rxd8 18. Rd1 Rf8 19. Ne2 Ba4 20. e5 Bxe5
21. Bxb7 Bxc2 22. Rd2 Bg6 23. Bxa6 Bc3 24. Nxc3 Bh5 25. b5 f5 26. b6 g5 27. b7
f4 28. gxf4 gxf4 29. Rb2 e5 30. b8=Q Rxb8 31. Rxb8+ Kg7 32. Rb5 Kf6 33. Nd5+ Ke6
34. Nxf4+ Kf5 35. Nxh5 h6 36. Ng3+ Kf4 37. Nh5+ Kf3 38. Rxe5 Kg4 39. Nf6+ Kf4
40. Rh5 Kf3 41. a4 {Black resigns} 1-0

[Event "Team 45 45 League T34"]
[Site "Internet Chess Club"]
[Date "2007.07.23"]
[Round "1"]
[White "ADIOKiddo4Ever"]
[Black "Just-Jim"]
[Result "0-1"]
[WhiteElo "1399"]
[BlackElo "1350"]
[Opening "Vienna: Paulsen-Mieses variation"]
[ECO "C26"]
[Time "13:59:06"]
[TimeControl "2700+45"]

1. e4 e5 2. Nc3 Nf6 3. g3 Bc5 4. Bg2 d6 5. Na4 b6 6. Nxc5 bxc5 7. d3 h6 8. Ne2
Nc6 9. O-O Bg4 10. f4 Nd4 11. h3 Nxe2+ 12. Kh1 Nxg3+ {White resigns} 0-1

[Event "Team 45 45 League T34"]
[Site "Internet Chess Club"]
[Date "2007.07.21"]
[Round "1"]
[White "klt713"]
[Black "degi"]
[Result "0-1"]
[WhiteElo "1293"]
[BlackElo "1449"]
[Opening "QGD Slav: 4.Nc3"]
[ECO "D15"]
[Time "14:03:01"]
[TimeControl "2700+45"]

1. d4 Nf6 2. c4 d5 3. Nc3 c6 4. Nf3 a6 5. Ng5 dxc4 6. e4 b5 7. e5 Ng8 8. g3 f6
9. exf6 Nxf6 10. Bg2 g6 11. O-O Bg7 12. Re1 O-O 13. Ne6 Bxe6 14. Rxe6 Qd7 15.
Re2 Ra7 16. Bf4 b4 17. Na4 Nd5 18. Nc5 Qc8 19. Ne6 Nxf4 20. Nxf4 Rf6 21. Qc2 Kh8
22. Qxc4 a5 23. Rae1 Qe8 24. Re5 Rd6 25. Nxg6+ Qxg6 26. Rxe7 Rxe7 27. Rxe7 Rxd4
28. Qe2 Rd8 29. Be4 Qh6 30. b3 Nd7 31. Bxc6 Qxc6 32. Re8+ Rxe8 33. Qxe8+ Bf8 34.
f4 Qc5+ 35. Kg2 Qe7 36. Qh5 Nf6 37. Qxa5 Qe2+ 38. Kh3 Qf1+ 39. Kh4 Be7 40. Qe5
Bd8 41. Qd4 Qf3 42. Qxd8+ Kg7 43. Qe7+ Kg6 44. h3 Qh5# {White checkmated} 0-1

[Event "Team 45 45 League T34"]
[Site "Internet Chess Club"]
[Date "2007.07.19"]
[Round "1"]
[White "DayDream01"]
[Black "cobbler"]
[Result "0-1"]
[WhiteElo "1071"]
[BlackElo "1233"]
[Opening "Queen's gambit declined"]
[ECO "D30"]
[Time "14:04:29"]
[TimeControl "2700+45"]

1. d4 d5 2. c4 e6 3. e3 Nf6 4. Nc3 b6 5. Nf3 Nbd7 6. Qb3 Bd6 7. cxd5 exd5 8.
Nxd5 Nxd5 9. Qxd5 Rb8 10. Bb5 Bb7 11. Bxd7+ Qxd7 12. Qb3 O-O 13. O-O Bxf3 14.
gxf3 Rbe8 15. e4 Qh3 16. e5 Re6 17. exd6 Rg6+ 18. Kh1 Qg2# {White checkmated}
0-1

[Event "Team 45 45 League T34"]
[Site "Internet Chess Club"]
[Date "2007.07.21"]
[Round "1"]
[White "Russellovich"]
[Black "Conjurer"]
[Result "1/2-1/2"]
[WhiteElo "1557"]
[BlackElo "1354"]
[Opening "Sicilian defense"]
[ECO "B72"]
[Time "13:08:12"]
[TimeControl "2700+45"]

1. e4 c5 2. Nf3 Nc6 3. d4 cxd4 4. Nxd4 Nf6 5. Nc3 g6 6. Be3 Bg7 7. Be2 d6 8. f3
O-O 9. Qd2 a6 10. O-O-O Nxd4 11. Bxd4 Be6 12. Kb1 Rc8 13. g4 b5 14. g5 Nd7 15.
Bxg7 Kxg7 16. Qd4+ Kg8 17. h4 Bc4 18. h5 Bxe2 19. hxg6 fxg6 20. Qd5+ Rf7 21.
Rxh7 Bc4 22. Rdh1 Nf8 23. Rh8+ Kg7 24. Qd4+ e5 25. Qg1 Rxf3 26. Qg4 Rf1+ 27.
Rxf1 Bxf1 28. Qh4 Kf7 29. Nd5 Bc4 30. Qf2+ Kg7 31. Qh4 Bxd5 32. exd5 Qc7 33.
Qh6+ Kf7 34. Rh7+ Nxh7 35. Qxh7+ Ke8 36. Qg8+ Kd7 37. Qf7+ Kd8 38. Qf8+ Kd7 39.
Qf7+ Kd8 40. Qf8+ {Game drawn by mutual agreement} 1/2-1/2

[Event "Team 45 45 League T34"]
[Site "Internet Chess Club"]
[Date "2007.07.22"]
[Round "1"]
[White "Traho"]
[Black "WzeroMN"]
[Result "1-0"]
[WhiteElo "1361"]
[BlackElo "1168"]
[Opening "Ruy Lopez: old Steinitz defense"]
[ECO "C62"]
[Time "09:00:08"]
[TimeControl "2700+45"]

1. e4 e5 2. Nf3 Nc6 3. Bb5 d6 4. d4 a6 5. Bxc6+ bxc6 6. dxe5 Bg4 7. exd6 Bxf3 8.
Qxf3 Qxd6 9. O-O Be7 10. Bf4 Qd4 11. c3 Qb6 12. b3 Bd6 13. Be3 Bc5 14. Bxc5 Qxc5
15. Rd1 Qe5 16. Na3 Nf6 17. Re1 O-O 18. Nc4 Qh5 19. Qxh5 Nxh5 20. Ne5 c5 21. Nc6
Rae8 22. Rad1 Re6 23. Nd8 Rd6 24. Nb7 Rxd1 25. Rxd1 Nf6 26. f3 Ne8 27. Nxc5
{Black resigns} 1-0

[Event "Team 45 45 League T34"]
[Site "Internet Chess Club"]
[Date "2007.07.22"]
[Round "1"]
[White "furrbrain"]
[Black "wekabird"]
[Result "1-0"]
[WhiteElo "1366"]
[BlackElo "1229"]
[Opening "Caro-Kann: advance variation"]
[ECO "B12"]
[Time "19:57:59"]
[TimeControl "2700+45"]

1. e4 c6 2. d4 d5 3. e5 Bf5 4. f4 e6 5. Nf3 Be7 6. g3 Nd7 7. Nc3 Bb4 8. Bd2 Ne7
9. Na4 Bxd2+ 10. Qxd2 O-O 11. O-O-O b5 12. Nc5 Nxc5 13. dxc5 a5 14. Be2 Be4 15.
Ng5 Bxh1 16. Rxh1 h6 17. Nf3 Qd7 18. h4 Qa7 19. Qd4 Nf5 20. Qf2 b4 21. b3 a4 22.
g4 Ne7 23. g5 Nf5 24. gxh6 Nxh6 25. Kb2 axb3 26. cxb3 Qxa2+ 27. Kc1 Qa1+ 28. Kd2
Qxh1 29. Ng5 Ra2+ 30. Ke3 Qc1+ 31. Kf3 Qc3+ 32. Qe3 Qd4 33. Qxd4 Nf5 34. Qxb4
Nxh4+ 35. Kg4 Nf5 36. Bd3 Ne3+ 37. Kg3 Nc2 38. Qd2 Rfa8 39. Bh7+ Kf8 40. Qh2 Nd4
41. Qh5 Nf5+ 42. Bxf5 g6 43. Nxe6+ fxe6 44. Qh6+ Ke7 45. Qg7+ Kd8 46. Bxe6 R8a7
47. Qf8+ Kc7 48. Qc8# {Black checkmated} 1-0

[Event "Team 45 45 League T34"]
[Site "Internet Chess Club"]
[Date "2007.07.20"]
[Round "1"]
[White "WilmaP"]
[Black "Mitch99"]
[Result "1/2-1/2"]
[WhiteElo "1166"]
[BlackElo "1178"]
[Opening "French: Tarrasch, open variation"]
[ECO "C07"]
[Time "13:32:19"]
[TimeControl "2700+45"]

1. e4 e6 2. d4 d5 3. Nd2 c5 4. c3 cxd4 5. cxd4 Nc6 6. Ne2 Bd7 7. b3 Nb4 8. Nf4
f6 9. e5 Qb6 10. Bb2 Nc6 11. Nf3 Bb4+ 12. Nd2 Nxd4 13. Bxd4 Qxd4 14. Nd3 Bxd2+
15. Kxd2 Bb5 16. Qe1 Bxd3 17. Bxd3 Qb2+ 18. Bc2 fxe5 19. Qe2 Qd4+ 20. Bd3 e4 21.
Rhc1 Nf6 22. Ke1 Qb4+ 23. Kf1 exd3 24. Qxe6+ Qe7 25. Re1 Qxe6 26. Rxe6+ Kf7 27.
Rd6 Rhe8 28. Rd1 Re2 29. Rxd3 Rxa2 30. g4 h6 31. h4 g5 32. Rf3 Ra1+ 33. Kg2 Ke7
34. Rfxf6 Rf8 35. Rfe6+ Kf7 36. hxg5 hxg5 37. Rf6+ Kg7 38. Rg6+ Kh7 39. Rxg5 Ra2
40. Rh5+ Kg7 41. Rg5+ Kh7 42. Rd7+ Kh6 43. Rh5+ Kg6 44. Rd6+ Kg7 45. Rd7+ Kg6
46. Rd6+ Kg7 {Game drawn by repetition} 1/2-1/2

[Event "Team 45 45 League T34"]
[Site "Internet Chess Club"]
[Date "2007.07.18"]
[Round "1"]
[White "kinchknifeblade"]
[Black "scottrugby"]
[Result "0-1"]
[WhiteElo "1229"]
[BlackElo "1512"]
[Opening "Nimzo-Indian: three knights variation"]
[ECO "E21"]
[Time "17:46:11"]
[TimeControl "2700+45"]

1. d4 Nf6 2. c4 e6 3. Nf3 Bb4+ 4. Nc3 Ne4 5. Nd2 Nxc3 6. bxc3 Bxc3 7. Rb1 Bxd4
8. Nf3 Bc3+ 9. Bd2 Bxd2+ 10. Qxd2 Nc6 11. e3 b6 12. Bd3 Bb7 13. O-O d6 14. a3
Ne5 15. Ne1 Nxd3 16. Qxd3 f5 17. f4 Be4 18. Qd4 Bxb1 19. Qxg7 Rf8 20. Qxh7 Qe7
21. Qg6+ Qf7 22. Qg5 Rg8 23. Qh4 Be4 24. Nf3 Bxf3 25. Rxf3 Rg7 26. h3 Rh7 27.
Qf2 O-O-O 28. Kf1 e5 29. Rg3 Qxc4+ 30. Kg1 Qc1+ 31. Kh2 e4 32. Rg5 Rf7 33. g4
fxg4 34. hxg4 Rh7+ 35. Kg3 Qh1 36. f5 Qh3+ 37. Kf4 Qh6 38. f6 Qxf6+ 39. Rf5 Rf8
40. Rxf6 Rxf6+ 41. Kg3 Rxf2 42. Kxf2 Kd7 43. g5 Ke6 44. Kg3 Rg7 45. Kg4 c5 46.
Kh5 Kf7 47. Kh6 c4 {White resigns} 0-1

[Event "Team 45 45 League T34"]
[Site "Internet Chess Club"]
[Date "2007.07.22"]
[Round "1"]
[White "CoasterBrake"]
[Black "knight2f3"]
[Result "1/2-1/2"]
[WhiteElo "1119"]
[BlackElo "1245"]
[Opening "QGD: Chigorin defense"]
[ECO "D07"]
[Time "14:08:28"]
[TimeControl "2700+45"]

1. c4 d5 2. d4 Nc6 3. Nf3 Bg4 4. e3 e6 5. cxd5 Qxd5 6. Nc3 Bb4 7. Bd2 Bxc3 8.
Bxc3 Nf6 9. Bd3 O-O 10. O-O Ne4 11. Re1 Ne7 12. Bb4 Rfe8 13. Bxe7 Rxe7 14. Qb3
Bxf3 15. Qxd5 exd5 16. gxf3 Ng5 17. Kg2 Re6 18. e4 Rae8 19. e5 f6 20. f4 Nf7 21.
Rac1 R6e7 22. Re2 b6 23. Bb5 Rd8 24. exf6 Rxe2 25. Bxe2 Re8 26. Rxc7 gxf6 27.
Bh5 Rf8 28. Rxa7 Nd6 29. b3 Kh8 30. Rd7 Rg8+ 31. Kf3 Nf5 32. Rxd5 Nh4+ 33. Ke4
Ra8 34. a4 Re8+ 35. Kd3 Re6 36. b4 Kg7 37. a5 bxa5 38. bxa5 Kh6 39. Bg4 Ra6 40.
Rh5+ Kg6 41. Rxh4 Rxa5 42. Bh3 h5 43. f5+ Kg5 44. Re4 Ra3+ 45. Kc4 Rxh3 46. d5
Rxh2 47. Re2 Kxf5 48. d6 Rh1 49. Rd2 Ke6 50. Kc3 Rc1+ 51. Kb2 Rc8 52. d7 Rd8 53.
Kc3 Rxd7 54. Rxd7 Kxd7 55. Kd4 h4 56. Ke3 Ke6 57. Kf4 f5 58. f3 Kf6 59. Ke3 Kg5
60. Kf2 f4 61. Kg2 Kh5 62. Kh3 Kg5 63. Kg2 Kf5 64. Kh3 Kg5 65. Kg2 Kh6 66. Kh3
Kh5 67. Kg2 Kg5 68. Kh3 Kh5 69. Kg2 Kg6 70. Kh3 {Game drawn by mutual agreement}
1/2-1/2

[Event "Team 45 45 League T34"]
[Site "Internet Chess Club"]
[Date "2007.07.22"]
[Round "1"]
[White "chips"]
[Black "WCB"]
[Result "0-1"]
[WhiteElo "1198"]
[BlackElo "1032"]
[Opening "Nimzovich-Larsen attack: classical variation"]
[ECO "A01"]
[Time "21:08:55"]
[TimeControl "2700+45"]

1. b3 d5 2. Bb2 Bg4 3. d3 Nc6 4. Nd2 Nf6 5. Ngf3 Bxf3 6. Nxf3 Qd6 7. e3 g6 8.
Be2 Bg7 9. O-O O-O 10. Rb1 e5 11. Qc1 Rfe8 12. Ba3 Qd7 13. Bb2 Qd6 14. Qd1 e4
15. dxe4 Nxe4 16. Bxg7 Kxg7 17. Bb5 Nc3 18. Qd3 Nxb1 19. Bxc6 Qxc6 20. Rxb1 a6
21. Rb2 Rad8 22. Nd4 Qf6 23. Rb1 c5 24. Nf3 d4 25. exd4 cxd4 26. Re1 Rxe1+ 27.
Nxe1 Re8 28. Kf1 Rd8 29. Nf3 h6 30. g3 Qf5 31. Nxd4 Qxd3+ 32. cxd3 Rxd4 33. Ke2
Rd6 34. Kd2 a5 35. h4 a4 36. b4 a3 37. f3 Rb6 38. Kc3 Rc6+ 39. Kd2 f5 40. f4 Kf6
41. Kd1 Rb6 {White resigns} 0-1

[Event "Team 45 45 League T34"]
[Site "Internet Chess Club"]
[Date "2007.07.21"]
[Round "1"]
[White "CLEAN"]
[Black "gaboonzoom"]
[Result "0-1"]
[WhiteElo "1124"]
[BlackElo "1181"]
[Opening "Queen's pawn: Yusupov-Rubinstein system"]
[ECO "A46"]
[Time "10:59:44"]
[TimeControl "2700+45"]

1. d4 Nf6 2. Nf3 e6 3. e3 Bb4+ 4. c3 Be7 5. Bd3 b6 6. O-O O-O 7. Re1 Bb7 8. Nbd2
d5 9. Qc2 h6 10. Ne5 c5 11. Ndf3 c4 12. Bg6 fxg6 13. Nxg6 Re8 14. Nxe7+ Qxe7 15.
Qg6 Ne4 16. Ne5 Qf6 17. Qxe8+ Kh7 18. Nf3 Nc6 19. Qd7 Rb8 20. Ne5 Qxf2+ 21. Kh1
Qxe1# {White checkmated} 0-1

[Event "Team 45 45 League T34"]
[Site "Internet Chess Club"]
[Date "2007.07.21"]
[Round "1"]
[White "b-spot"]
[Black "AlterEgo"]
[Result "0-1"]
[WhiteElo "1602"]
[BlackElo "1631"]
[Opening "King's Indian: orthodox, Aronin-Taimanov, bayonet attack"]
[ECO "E97"]
[Time "08:00:45"]
[TimeControl "2700+45"]

1. d4 Nf6 2. c4 g6 3. Nc3 Bg7 4. e4 d6 5. Nf3 O-O 6. Be2 e5 7. O-O Nc6 8. d5 Ne7
9. b4 a5 10. Ba3 axb4 11. Bxb4 Nh5 12. c5 dxc5 13. Bxc5 b6 14. Bb4 Re8 15. a4
Ba6 16. Bxa6 Rxa6 17. Nb5 Nxd5 18. Qxd5 Qxd5 19. exd5 e4 20. Rae1 Rxa4 21. Nxc7
Rc8 22. Rxe4 Nf6 23. Re7 Rxb4 24. Rd1 Bf8 25. d6 Bxe7 26. dxe7 Rxc7 27. Rd8+ Kg7
28. e8=Q Nxe8 29. Rxe8 Rb1+ 30. Ne1 Rcc1 31. Kf1 b5 32. f3 b4 33. Kf2 Rb2+ 34.
Kg3 Rd2 {White resigns} 0-1

[Event "Team 45 45 League T34"]
[Site "Internet Chess Club"]
[Date "2007.07.23"]
[Round "1"]
[White "nanning"]
[Black "Two-DogMan"]
[Result "1-0"]
[WhiteElo "1574"]
[BlackElo "1538"]
[Opening "QGD: Marshall defense"]
[ECO "D06"]
[Time "09:09:07"]
[TimeControl "2700+45"]

1. d4 d5 2. c4 Nf6 3. cxd5 e6 4. Nf3 exd5 5. e3 a6 6. Bd3 Be7 7. Nc3 Nc6 8. O-O
O-O 9. h3 b5 10. Re1 Re8 11. a3 Bf8 12. Qc2 Bb7 13. Bd2 Nb8 14. Ne2 Ne4 15. Rac1
c5 16. dxc5 Bc6 17. b4 Nd7 18. Nfd4 Qf6 19. Rf1 Ne5 20. Nxc6 Nxd3 21. Qxd3 Nxd2
22. Qxd2 Qxc6 23. Nf4 Red8 24. Rcd1 Be7 25. Nxd5 Kf8 26. Qa2 h6 27. Rd4 a5 28.
Nxe7 Kxe7 29. Qb2 Rxd4 30. exd4 axb4 31. axb4 Qd5 32. Qe2+ Kf8 33. Qxb5 Qxd4 34.
c6 Qd8 35. Qc5+ Kg8 36. b5 Ra5 37. c7 Qc8 38. Rd1 Kh7 39. Rd8 Rxb5 40. Qc2+
{Black resigns} 1-0

[Event "Team 45 45 League T34"]
[Site "Internet Chess Club"]
[Date "2007.07.20"]
[Round "1"]
[White "dougmo"]
[Black "AngryPirate"]
[Result "0-1"]
[WhiteElo "1550"]
[BlackElo "1540"]
[Opening "French: Winawer, Petrosian variation"]
[ECO "C16"]
[Time "18:02:02"]
[TimeControl "2700+45"]

1. e4 e6 2. d4 d5 3. Nc3 Bb4 4. e5 Qd7 5. Qg4 f5 6. Qh5+ Qf7 7. Qf3 b6 8. Nh3 h6
9. a3 Bf8 10. Bd2 Ba6 11. Bxa6 Nxa6 12. Qd3 Nb8 13. O-O c5 14. Ne2 Nc6 15. c3 c4
16. Qg3 g5 17. Rab1 Na5 18. Nc1 Qh5 19. Re1 f4 20. Qf3 g4 21. Qxf4 gxh3 22. g3
Be7 23. g4 Qg6 {White resigns} 0-1

[Event "Team 45 45 League T34"]
[Site "Internet Chess Club"]
[Date "2007.07.18"]
[Round "1"]
[White "gagdad"]
[Black "PrincessChess"]
[Result "1-0"]
[WhiteElo "1666"]
[BlackElo "1784"]
[Opening "Giuoco Piano"]
[ECO "C50"]
[Time "21:43:28"]
[TimeControl "2700+45"]

1. e4 e5 2. Nf3 Nc6 3. Bc4 Bc5 4. O-O d6 5. h3 Nf6 6. Re1 O-O 7. c3 Be6 8. Bxe6
fxe6 9. d4 exd4 10. cxd4 Bb6 11. Bg5 Qd7 12. Bxf6 Rxf6 13. e5 dxe5 14. dxe5 Qxd1
15. Rxd1 Rf7 16. Nc3 Raf8 17. Na4 Ba5 18. Nc5 Re7 19. Rd7 Rxd7 20. Nxd7 Re8 21.
Nc5 b6 22. Nb3 Re7 23. Rc1 Nd8 24. Nxa5 bxa5 25. Nd4 Kf7 26. Nb5 c6 27. Nd6+ Kf8
28. Rc5 Rc7 29. Rxa5 Ke7 30. Kf1 Nb7 31. Rxa7 {Black resigns} 1-0

[Event "Team 45 45 League T34"]
[Site "Internet Chess Club"]
[Date "2007.07.18"]
[Round "1"]
[White "OrangeKing"]
[Black "Codreanou"]
[Result "1/2-1/2"]
[WhiteElo "1813"]
[BlackElo "1684"]
[Opening "Réti: King's Indian attack"]
[ECO "A08"]
[Time "20:19:57"]
[TimeControl "2700+45"]

1. Nf3 d5 2. g3 c5 3. Bg2 Nc6 4. O-O g6 5. d4 Bg7 6. dxc5 Qa5 7. c3 Qxc5 8. Nbd2
e6 9. Nb3 Qd6 10. e4 Nge7 11. exd5 Qxd5 12. Nfd4 Qc4 13. Be3 O-O 14. Nxc6 Nxc6
15. Qc1 Bd7 16. Bh6 Rfd8 17. Bxg7 Kxg7 18. Qe3 b6 19. Rad1 Rac8 20. Rd2 Be8 21.
Rfd1 Rxd2 22. Rxd2 Qa6 23. a3 Qc4 24. Nd4 Nxd4 25. Qxd4+ Qxd4 26. Rxd4 f6 27. f4
Kf7 28. Kf2 Ke7 29. Ke3 Rc5 30. Bf1 Bc6 31. Rc4 Kd6 32. Rxc5 Kxc5 33. b4+ Kd6
34. Kd4 b5 35. c4 a6 36. c5+ Ke7 37. a4 e5+ 38. fxe5 fxe5+ 39. Kc3 Kf6 40. axb5
axb5 41. Kd2 e4 42. Ke3 Ke5 43. h4 h6 44. Be2 g5 45. hxg5 hxg5 46. Bf1 Kd5 47.
Bg2 Ke5 48. g4 Bd5 49. Bh1 Bc6 {Game drawn by mutual agreement} 1/2-1/2

[Event "Team 45 45 League T34"]
[Site "Internet Chess Club"]
[Date "2007.07.20"]
[Round "1"]
[White "mongmong"]
[Black "Bedouksofhazzar"]
[Result "0-1"]
[WhiteElo "1648"]
[BlackElo "1793"]
[Opening "Dutch"]
[ECO "A80"]
[Time "18:02:09"]
[TimeControl "2700+45"]

1. d4 f5 2. Nf3 Nf6 3. e3 e6 4. Nbd2 d5 5. c4 c6 6. Ne5 Bd6 7. f4 O-O 8. Ndf3
Nbd7 9. cxd5 exd5 10. Be2 Ne4 11. O-O Rf6 12. Bd2 Nxd2 13. Qxd2 Rh6 14. Nxd7
Bxd7 15. Qe1 Qe7 16. Ne5 Rf8 17. a3 Be8 18. Bf3 g5 19. Nd3 g4 20. Be2 Qxe3+ 21.
Kh1 Rff6 22. Ne5 Rxh2+ {White resigns} 0-1

[Event "Team 45 45 League T34"]
[Site "Internet Chess Club"]
[Date "2007.07.20"]
[Round "1"]
[White "CSCARChaplain"]
[Black "pelayo"]
[Result "0-1"]
[WhiteElo "632"]
[BlackElo "1598"]
[Opening "Four knights game"]
[ECO "C47"]
[Time "13:00:54"]
[TimeControl "2700+45"]

1. e4 e5 2. Nf3 Nc6 3. Nc3 Nf6 4. Be2 Bc5 5. O-O O-O 6. Nd5 Re8 7. b3 Nxe4 8.
Bd3 Nf6 9. Bb2 Nxd5 10. Be4 Nf6 11. Bxc6 dxc6 12. Qe2 Bd4 13. c3 Bc5 14. a3 Bg4
15. Rad1 e4 16. h3 exf3 17. Qc4 fxg2 18. Kxg2 Bxd1 19. Rxd1 Qd5+ 20. Kf1 Qxc4+
21. bxc4 Ne4 22. Re1 Nxd2+ 23. Kg2 Rxe1 24. Kg3 Nxc4 25. f4 f5 26. Kh4 Rg1 27.
a4 g6 28. a5 Be7# {White checkmated} 0-1

[Event "Team 45 45 League T34"]
[Site "Internet Chess Club"]
[Date "2007.07.21"]
[Round "1"]
[White "viking99"]
[Black "frankd"]
[Result "0-1"]
[WhiteElo "1849"]
[BlackElo "1762"]
[Opening "Pirc defense"]
[ECO "B07"]
[Time "20:00:22"]
[TimeControl "2700+45"]

1. e4 d6 2. d4 Nf6 3. Bd3 g6 4. Nf3 Bg7 5. Bg5 c6 6. Nbd2 Qa5 7. c3 h6 8. b4 Qd8
9. Bh4 g5 10. Bg3 Nh5 11. Qc2 Nxg3 12. hxg3 Nd7 13. Nc4 Nf6 14. Ne3 Ng4 15. Nf5
Bxf5 16. exf5 Qc7 17. a4 a6 18. Qe2 Nf6 19. O-O O-O 20. Nh2 e5 21. f4 exd4 22.
fxg5 hxg5 23. cxd4 Nd5 24. Qg4 Qe7 25. Rae1 Qf6 26. Nf3 Rae8 27. b5 Ne3 28. Qxg5
Qxg5 29. Nxg5 Bxd4 30. Rf4 Nc2+ 31. Rxd4 Rxe1+ 32. Kf2 Nxd4 33. Kxe1 axb5 34.
axb5 Nxb5 35. Kd2 Nd4 36. Ke3 c5 37. Ke4 b5 38. Kd5 Rd8 39. Ne4 b4 40. Nxd6 Nb3
41. Kc6 Na5+ 42. Kc7 Nb7 43. Ba6 Rxd6 44. Bxb7 Rd4 45. Kb6 Rc4 46. Kb5 Rc3 47.
g4 b3 48. g5 b2 49. Be4 Rc1 50. g4 b1=Q+ 51. Bxb1 Rxb1+ 52. Kxc5 Rg1 {White
forfeits on time} 0-1

[Event "Team 45 45 League T34"]
[Site "Internet Chess Club"]
[Date "2007.07.22"]
[Round "1"]
[White "quotha"]
[Black "rubashov"]
[Result "0-1"]
[WhiteElo "1567"]
[BlackElo "1625"]
[Opening "Sicilian defense"]
[ECO "B44"]
[Time "14:00:37"]
[TimeControl "2700+45"]

1. e4 c5 2. Nf3 e6 3. d4 cxd4 4. Nxd4 Nc6 5. Bb5 Qb6 6. Bxc6 bxc6 7. O-O e5 8.
Nf3 Qc7 9. b3 Ba6 10. c4 Nf6 11. Bb2 d6 12. Nc3 Be7 13. Qd2 O-O 14. Rfd1 Rad8
15. h3 Nh5 16. Qe3 f5 17. exf5 Rxf5 18. Ne4 Rff8 19. Nfg5 Bc8 20. Re1 h6 21. Nf3
Nf4 22. Rad1 Kh8 23. Rd2 Kg8 24. Red1 a5 25. Kh2 Ng6 26. Qc3 Bf5 27. Ng3 Be6 28.
Kh1 Bf6 29. Ne4 Be7 30. Ba3 c5 31. Qe3 Nf4 32. Nc3 Bd7 33. Nd5 Nxd5 34. cxd5 Bf5
35. Ng1 Bg5 36. Qg3 Bxd2 37. Rxd2 Qf7 38. Qe3 Bc8 39. Bc1 Bb7 40. Qe4 Qf5 41. f3
Qxe4 42. fxe4 Rf1 43. Bb2 Re1 44. Re2 Rxe2 45. Nxe2 Rf8 46. Kg1 Ba6 47. Nc3 Rf1+
48. Kh2 Rf2 49. Ba1 Bd3 50. Kg3 Rf4 {White resigns} 0-1

[Event "Team 45 45 League T34"]
[Site "Internet Chess Club"]
[Date "2007.07.20"]
[Round "1"]
[White "alaskauk"]
[Black "Mfalme"]
[Result "1-0"]
[WhiteElo "1510"]
[BlackElo "1333"]
[Opening "Philidor's defense"]
[ECO "C41"]
[Time "08:59:28"]
[TimeControl "2700+45"]

1. e4 e5 2. Nf3 d6 3. Bc4 h6 4. h3 Nf6 5. d3 Nc6 6. c3 Na5 7. Bb3 Nxb3 8. Qxb3
Be7 9. O-O b6 10. Re1 Nd7 11. Nbd2 Nc5 12. Qc2 Ba6 13. c4 O-O 14. b4 Ne6 15. b5
Bb7 16. Nf1 a6 17. bxa6 Bxa6 18. Ng3 b5 19. cxb5 Bxb5 20. Nf5 Bf6 21. Qd2 Nc5
22. Nxh6+ gxh6 23. Qxh6 Bg7 24. Qh5 Nxd3 25. Ng5 Qxg5 26. Qxg5 Nxe1 27. Qg3 Nc2
28. Bh6 {Black resigns} 1-0